 Dungeon Crawl Stone Soup version 0.28-a0-390-gb254ac4902 (webtiles) character file.

Game seed: 8729870974567435262

486 heikuro the Chopper (level 7, -2/44 (55) HPs)
             Began as a Formicid Abyssal Knight on Sept 4, 2021.
             Was a Believer of Lugonu.
             Killed from afar by Duvessa (10 damage)
             ... with a puff of flame
             ... on level 3 of the Dungeon.
             The game lasted 00:15:02 (4772 turns).

heikuro the Chopper (Formicid Abyssal Knight)       Turns: 4772, Time: 00:15:02

HP:   -2/44 (55)    AC:  9    Str: 18      XL:     7   Next: 35%
MP:   0/10          EV:  5    Int: 12      God:    Lugonu [**....]
Gold: 166           SH:  9    Dex:  9 (10) Spells: 6/6 levels left

rFire   . . .      SeeInvis +   a - +1 hand axe
rCold   . . .      Faith    .   e - +0 tower shield
rNeg    . . .      Spirit   +   g - +0 scale mail
rPois   +          Reflect  .   (helmet unavailable)
rElec   .          Harm     .   (no cloak)
rCorr   .          Rampage  .   (no gloves)
Will    .....                   (no boots)
Stlth   ..........              k - amulet of guardian spirit
HPRegen 0.14/turn               i - ring of poison resistance
MPRegen 0.12/turn               (no ring)

@: heavily drained
A: permanent stasis, dig shafts and tunnels, antennae 3, four strong arms, claws
1, iridescent scales 1
a: Dig, Shaft Self, Renounce Religion, Depart the Abyss, Bend Space


You were on level 3 of the Dungeon.
You worshipped Lugonu.
Lugonu was pleased with you.
You visited 1 branch of the dungeon, and saw 4 of its levels.
You visited the Abyss 1 time.

You collected 166 gold pieces.

Inventory:

Hand Weapons
 a - a +1 hand axe (weapon)
 b - a +0 hunting sling
Missiles
 l - 51 stones
Armour
 e - a +0 tower shield (worn)
 g - a +0 scale mail (worn)
Jewellery
 i - a ring of poison resistance (left claw)
 k - an amulet of guardian spirit (around neck)
Scrolls
 j - a scroll of enchant armour {unknown}
 m - a scroll of blinking {unknown}
 o - a scroll of fear {unknown}
 p - a scroll of summoning {unknown}
 r - a scroll of enchant weapon {unknown}
Potions
 c - a potion of heal wounds
 d - a potion of curing {unknown}
 f - a potion of flight
 h - 2 potions of brilliance {unknown}
 n - 2 potions of might {unknown}
 q - a potion of lignification {unknown}


   Skills:
 + Level 4.6 Fighting
 * Level 4.8 Axes
 + Level 2.3 Slings
 + Level 3.7 Armour
 - Level 1.0 Dodging
 + Level 0.6 Shields
 + Level 4.0 Invocations


You had 6 spell levels left.
You didn't know any spells.
Your spell library contained the following spells:

 Spells                   Type           Power      Damage    Failure   Level
 Animate Skeleton         Necr           0%         N/A       100%        1
 Magic Dart               Conj           0%         1d3       100%        1
 Pain                     Necr           0%         1d4       100%        1
 Call Imp                 Summ           0%         N/A       100%        2
 Mephitic Cloud           Conj/Pois/Air  0%         N/A       100%        3
 Vampiric Draining        Necr           0%         2d6       100%        3
 Alistair's Intoxication  Tmut/Pois      0%         N/A       100%        5
 Borgnjor's Vile Clutch   Necr/Erth      0%         N/A       100%        5
 Eringya's Noxious Bog    Tmut/Pois      0%         N/A       100%        6


Dungeon Overview and Level Annotations

Branches:
Dungeon (4/15)
 Temple: D:4-7

Altars:
Gozag
Hepliaklqana
Zin

Annotations:
D:3 Dowan, Duvessa
D:4 Eustachio


Innate Abilities, Weirdness & Mutations

You cannot be hasted, slowed, berserked, paralysed or teleported.
You can dig through walls and to a lower floor.
You have a pair of large antennae on your head. (SInv)
Your four strong arms can wield two-handed weapons with a shield.
You have sharp fingernails.
You are partially covered in iridescent scales. (AC +2)


Message History

You hit Dowan but do no damage. You block Dowan's attack.
Duvessa zaps a wand.
The puff of flame hits you but does no damage.
Dowan hits you but does no damage. You block Duvessa's attack.
You hit Duvessa but do no damage.
Duvessa is moderately wounded.
You hit Dowan. You block Dowan's attack. You block Duvessa's attack.
Dowan hits you with a +0 dagger. Duvessa closely misses you.
You climb upwards.
There is a stone staircase leading down, spattered with blood here.
You hit Duvessa.
Duvessa is heavily wounded.
You hit Dowan but do no damage. You block Dowan's attack.
Duvessa says, "Where magic fails, the sword succeeds!"
Duvessa zaps a wand.
The puff of flame misses you. Dowan hits you with a +0 dagger.
Duvessa hits you with a +3 short sword of draining.
You feel drained.
You hit Duvessa.
Duvessa is heavily wounded.
You hit Dowan but do no damage. Dowan hits you with a +0 dagger.
Duvessa barely misses you. Dowan closely misses you.
Duvessa says, "My weaknesses are his strengths!"
Duvessa drinks a potion.
Duvessa is healed!
You closely miss Duvessa. You barely miss Dowan. Dowan completely misses you.
Duvessa hits you with a +3 short sword of draining!
* * * LOW HITPOINT WARNING * * *
You feel drained.
* * * LOW HITPOINT WARNING * * *
Unknown command.
You hit Duvessa but do no damage. You miss Dowan.
Dowan hits you with a +0 dagger.
* * * LOW HITPOINT WARNING * * *
Duvessa barely misses you.
Dowan smirks and points a slender finger.
Dowan barely misses you. You block Duvessa's attack.
Unknown command.
You hit Duvessa but do no damage.
Your scale mail prevents you from hitting Dowan.
You block Dowan's attack.
Duvessa zaps a wand.
The puff of flame hits you!
You die...

G#...#G#.....###.# ##.##.#
##...###.###.# #.# #.##.#
..........##.###>#######.##.#
..._.......#.##.............#
...........#.......#####.####
##...###.#.#.......# #..#
G#..)#G#.#.#.......# ##.#
##...###.......))[.# #.#
...........#....@).# #.#
..##...........ee).## #.#
.#####.##...........#####.#
.# #.###....#.#.........#
.#####.###.#.##.###.#######
......[......##.###.##
.########.......##...## .#
#####..######.....# .#
#...#..# #...<.#


You could see Duvessa and Dowan.

Vanquished Creatures
  Grinder (D:3)
  Sigmund (D:3)
  A hound (D:3)
  Robin (D:3)
  2 adders
  A dart slug (D:2)
  An orc (D:3)
  9 endoplasms
  3 giant cockroaches (D:1)
  9 hobgoblins
  4 jackals
  7 kobolds
  4 quokkas
  10 ball pythons
  5 bats
  5 frilled lizards
  14 goblins
  2 rats (D:2)
80 creatures vanquished.

Notes
Turn   | Place    | Note
-------+----------+-------------------------------------------
     0 | Abyss:1  | heikuro the Formicid Abyssal Knight began the quest for the
                  | Orb.
     0 | Abyss:1  | Reached XP level 1. HP: 18/18 MP: 2/2
    69 | Abyss:1  | Noticed a ynoxinul
    70 | D:1      | Escaped the Abyss
   243 | D:1      | Reached skill level 1 in Dodging
   296 | D:1      | You fall into a shaft and drop 1 floor!
   308 | D:2      | Reached XP level 2. HP: 11/24 MP: 3/3
   925 | D:1      | Reached * piety under Lugonu
   990 | D:1      | Reached XP level 3. HP: 29/29 MP: 4/4
  2038 | D:2      | Reached XP level 4. HP: 30/37 MP: 4/6
  2838 | D:3      | Noticed Sigmund
  2861 | D:3      | Killed Sigmund
  2862 | D:3      | Reached skill level 1 in Slings
  2862 | D:3      | Reached XP level 5. HP: 8/42 MP: 1/7
  2862 | D:3      | Reached XP level 6. HP: 10/48 MP: 1/8
  3145 | D:3      | Gained mutation: You are partially covered in iridescent
                  | scales. (AC +2) [potion of mutation]
  3145 | D:3      | Gained mutation: You have sharp fingernails. [potion of
                  | mutation]
  3180 | D:3      | Found a hazy altar of Hepliaklqana.
  3227 | D:3      | Found a faded altar of an unknown god.
  3227 | D:3      | Noticed a golden eye
  3257 | D:3      | Noticed a golden eye
  3257 | D:3      | Noticed an eye of devastation
  3257 | D:3      | Noticed a shining eye
  3286 | D:3      | Noticed Grinder
  3310 | D:3      | Killed Grinder
  3311 | D:3      | Reached XP level 7. HP: 19/55 MP: 3/9
  3512 | D:3      | Found an opulent altar of Gozag.
  3513 | D:3      | Found a glowing silver altar of Zin.
  3778 | D:4      | Noticed Duvessa
  3780 | D:4      | Noticed Dowan
  4095 | D:4      | Noticed Robin
  4102 | D:3      | Reached ** piety under Lugonu
  4214 | D:3      | Killed Robin
  4537 | D:4      | Noticed Eustachio
  4772 | D:3      | Killed from afar by Duvessa

Illustrated notes

Levels and vault maps discovered:
D:1:      dpeg_arrival_three_smaller_balls, layout_basic, minmay_unequal
D:2:      layout_basic
D:3:      layout_loops_ring, nzn_hepliaklqana_mist_gate,
          grunt_temple_overflow_gold_and_silver,
          hellmonk_ecumenical_altar_watching_god, uniq_grinder, uniq_sigmund
D:4:      layout_loops_ring, uniq_eustachio, uniq_duvessa, uniq_robin

Skill      XL: |  1  2  3  4  5  6  7 |
---------------+----------------------+-----
Dodging        | 1 |  1.0
Axes           | 3 4 |  4.8
Fighting       | 4 |  4.6
Slings         | 1 2 |  2.3
Armour         | 3 |  3.7
Invocations    | 3 4 |  4.0
Shields        | |  0.6

Action                   |  1- 3 |  4- 6 |  7- 9 || total
-------------------------+-------+-------+-------++-------
Melee: Hand axe          |    95 |    71 |    86 ||   252
 Fire: Hunting sling     |       |    18 |     4 ||    22
Invok: Depart the Abyss  |     1 |       |       ||     1
 Abil: Dig               |     1 |       |       ||     1
  Use: Scroll            |       |     3 |       ||     3
       Potion            |       |     1 |       ||     1
Armor: Leather armour    |    31 |       |       ||    31
       Ring mail         |    20 |     9 |       ||    29
       Scale mail        |       |     5 |    76 ||    81
Dodge: Dodged            |    80 |    35 |    32 ||   147
Block: Tower shield      |       |       |    85 ||    85

Table legend: (Time is in decaauts)
 A = Elapsed time spent in this place.
 B = Non-inter-level travel time spent in this place.
 C = Inter-level travel time spent in this place.
 D = Time resting spent in this place.
 E = Time spent auto-exploring this place.
 F = Levels seen in this place.
 G = Mean time per level.
                   A        B        C        D        E       F      G
               +--------+--------+--------+--------+--------+-----+--------+
         Total |   4852 |   4628 |    224 |   1693 |   1113 |   5 |  970.4 |
       Dungeon |   4782 |   4558 |    224 |   1693 |   1113 |   4 | 1195.5 |
         Abyss |     70 |     70 |      0 |      0 |      0 |   1 |   70.0 |
               +--------+--------+--------+--------+--------+-----+--------+

Top non-repeatable levels by time:
     D:3: 1917 daAuts
     D:2: 1312 daAuts
     D:1: 1237 daAuts
     D:4: 314 daAuts
 Abyss:1: 70 daAuts
